 Dungeon Crawl Stone Soup version 0.24.0-13-gcf9b3192b9 (webtiles) character file.

Game seed: 6203834014301400170, levelgen mode: deterministic

5891 EnegeticOcto the Cleaver (level 10, -7/92 HPs)
             Began as a Deep Dwarf Fighter on Nov 10, 2019.
             Mangled by a red devil
             ... wielding a +0 trident
             ... summoned by an orc high priest
              (15 damage)
             ... in a bailey.
             The game lasted 00:07:04 (7076 turns).

EnegeticOcto the Cleaver (Deep Dwarf Fighter)       Turns: 7076, Time: 00:07:04

Health: -7/92      AC: -12   Str: 24    XL:     10   Next: 53%
Magic:  3/3        EV:  8    Int:  8    God:
Gold:   344        SH: 12    Dex: 12    Spells: 9/9 levels left

rFire    . . .     SeeInvis .   a - +0 war axe
rCold    . . .     Gourm    .   c - +1 shield
rNeg     . . .     Faith    .   x - +0 plate armour
rPois    .         Spirit   .   l - +0 helmet
rElec    .         Reflect  .   (no cloak)
rCorr    .         Harm     .   (no gloves)
MR       +....                  m - +0 pair of boots
Stlth    ..........             (no amulet)
HPRegen  0.00/turn              (no ring)
MPRegen  0.08/turn              (no ring)

@: corroded, non-regenerating, drained
A: damage resistance, heal wounds, sense surroundings 2, no regeneration
a: Heal Wounds


You were in a bailey.
You were not hungry.

You visited 2 branches of the dungeon, and saw 10 of its levels.
You also visited: Sewer and Bailey.

You collected 344 gold pieces.

Inventory:

Hand Weapons
 a - a +0 war axe (weapon)
Missiles
 g - 2 throwing nets (quivered)
Armour
 c - a +1 shield (worn)
 l - a +0 helmet (worn)
 m - a +0 pair of boots (worn)
 x - a +0 plate armour (worn)
Wands
 b - a wand of paralysis (7)
 r - a wand of flame (15)
Scrolls
 f - 4 scrolls of identify {@r1}
 h - 4 scrolls of remove curse {@r2}
 p - a scroll of fog
 u - 2 scrolls of enchant armour
 v - a scroll of vulnerability {unknown}
 y - a scroll of teleportation {@r3}
Potions
 d - a potion of might {@q3}
 i - 2 potions of lignification {@q6}
 j - 3 potions of heal wounds {@q2}
 k - 3 potions of brilliance
 n - 3 potions of agility {@q5}
 o - 3 potions of mutation
 q - 10 potions of curing {@q1}
 s - a potion of magic
 t - a potion of ambrosia
Comestibles
 e - 6 rations
 w - 4 chunks of flesh


   Skills:
 + Level 6.5(5.8) Fighting
 * Level 10.3(9.5) Axes
 + Level 7.8(7.1) Armour
 + Level 6.9(6.2) Dodging
 + Level 7.8(7.1) Shields


You had 9 spell levels left.
You didn't know any spells.
Your spell library contained the following spells:

 Spells                   Type           Power        Failure   Level  Hunger
 Corona                   Hex            #......      100%        1    ##.....
 Slow                     Hex            #.......     100%        2    ###....
 Inner Flame              Hex/Fire       #.......     100%        3    ####...
 Portal Projectile        Hex/Tloc       #.....       100%        3    ####...
 Cause Fear               Hex            #.........   100%        4    #####..
 Leda's Liquefaction      Hex/Erth       #.........   100%        4    #####..


Dungeon Overview and Level Annotations

Branches:
Dungeon (9/15)             Temple (1/1) D:6           Sewer (visited)
 Bailey (1/1)
   Lair: D:8-11         Orc: D:9-12

Altars:
Ashenzari
Cheibriados
Dithmenos
Elyvilon
Fedhas
Gozag
Hepliaklqana
Kikubaaqudgha
Nemelex Xobeh
Okawaru
Qazlal
Ru
Sif Muna
Trog
Uskayaw
Vehumet
Xom
Yredelemnul
Zin
The Shining One

Annotations:
D:4 3 runed translucent doors, Quickbrownfox's ghost, novice CeAM


Innate Abilities, Weirdness & Mutations

You are resistant to damage.
You can heal yourself by infusing magical energy.
You passively map the area around you.
You do not regenerate.


Message History

The orc high priest is heavily wounded.
You closely miss the soul eater. You hit the hellwing but do no damage.
You block the orc high priest's attack. The hellwing barely misses you.
You block the hellwing's attack.
The soul eater draws from the surrounding life force!
* * * LOW HITPOINT WARNING * * *
The soul eater is healed.
You feel much better.
The hellwing disappears in a puff of smoke!
The soul eater hits you! The orc high priest barely misses you.
The soul eater disappears in a puff of smoke!
The orc high priest hits you with a +0 war axe!
* * * LOW HITPOINT WARNING * * *
Items here: )) [[ †† You feel much better.
The orc high priest mumbles some strange prayers to Beogh.
You closely miss the orc high priest.
The orc high priest is heavily wounded.
Your shield and plate armour prevent you from hitting the red devil.
You closely miss the rust devil.
The orc high priest utters an invocation to Beogh.
The rust devil hits you. The rust devil corrodes you!
You block the red devil's attack.
You hit the orc high priest but do no damage.
The orc high priest is heavily wounded.
You hit the rust devil but do no damage.
Your plate armour prevents you from hitting the red devil.
You hit the red devil but do no damage. You block the orc high priest's attack.
The red devil hops backward while attacking.
The red devil hits you from afar with a +0 trident!
You block the rust devil's attack.
The red devil hops backward while attacking.
The red devil barely misses you.
You hit the orc high priest but do no damage.
The orc high priest is heavily wounded.
You hit the rust devil but do no damage.
The rust devil closely misses you. The orc high priest closely misses you.
You block the red devil's attack.
You hit the orc high priest but do no damage.
The orc high priest is heavily wounded.
You hit the rust devil but do no damage.
The red devil hits you from afar with a +0 trident!
The rust devil hits you!
* * * LOW HITPOINT WARNING * * *
The rust devil corrodes you!
The orc high priest hits you with a +0 war axe.
* * * LOW HITPOINT WARNING * * *
You block the red devil's attack.
Items here: ))) [[[ † You hit the orc high priest but do no damage.
The orc high priest is heavily wounded.
You hit the rust devil but do no damage.
You hit the red devil but do no damage.
The orc high priest hits you with a +0 war axe!
* * * LOW HITPOINT WARNING * * *
You block the red devil's attack.
The red devil hops backward while attacking.
You block the red devil's attack. The rust devil hits you!
* * * LOW HITPOINT WARNING * * *
The rust devil corrodes you!
Evoke which item? (* to show all) (? for menu, Esc to quit)
Okay, then.
The orc high priest barely misses you.
Your magical essence is drained by the effort!
You feel much better.
The orc high priest completely misses you.
The rust devil hits you!
* * * LOW HITPOINT WARNING * * *
The rust devil corrodes you!
The red devil hits you from afar with a +0 trident!
* * * LOW HITPOINT WARNING * * *
You feel much better. You block the red devil's attack.
The rust devil hits you. The rust devil corrodes you!
The orc high priest hits you with a +0 war axe!
The red devil hits you with a +0 trident!
* * * LOW HITPOINT WARNING * * *
The orc high priest invokes the aid of Beogh against you.
Beogh smites you!
* * * LOW HITPOINT WARNING * * *
You hit the orc high priest but do no damage.
The orc high priest is heavily wounded.
You barely miss the red devil.
You hit the rust devil but do no damage.
The red devil hops backward while attacking.
You block the red devil's attack. The rust devil hits you.
The rust devil corrodes you!
The orc high priest hits you with a +0 war axe.
* * * LOW HITPOINT WARNING * * *
You closely miss the orc high priest.
The orc high priest is heavily wounded.
You hit the rust devil but do no damage.
The red devil barely misses you.
The red devil hits you from afar with a +0 trident!
* * * LOW HITPOINT WARNING * * *
You block the rust devil's attack. The orc high priest closely misses you.
You hit the orc high priest.
The orc high priest is heavily wounded.
You hit the rust devil but do no damage.
The red devil hits you from afar with a +0 trident!
You die...

≈ ≈ ≈ ≈≈ ≈ ≈ ≈ ≈ ≈ ≈ ≈≈
≈ ≈ ≈ ≈ ≈ ≈ ≈ ≈ ** ≈ ≈≈
** *#≈≈≈≈≈ ≈ , , , ,,
#≈≈≈≈≈ * * #+#######
#≈≈≈≈≈ ≈ ,, ,#...4...#
,,,#≈≈≈≈≈ ,, ,
+.8)8.8.# , #≈≈≈≈≈ ≈ ≈
* * * *
*##.@o4...######≈≈≈≈≈ ≈
*, #...4#......#.≈≈≈≈≈≈
, *
#?!#....#.4....#.≈≈≈≈≈.
*
#..#....#####''#.≈≈≈≈≈.
#..#....##....)#.≈≈≈≈≈.
,*
##+#....##....)'.......
* #._..##..⌠.)).......
≈ + **
#....##.....'....... ≈
,,* *,
#....##.....#.≈≈≈≈≈.


You could see an orc high priest, a rust devil and 2 red devils.

Vanquished Creatures
  A two-headed ogre (D:8)
  Pikel (D:5)
  A kobold demonologist (Bailey)
  Grinder (D:3)
  A hornet (D:8)
  A hippogriff (D:8)
  A wyvern (D:8)
  Eustachio (D:4)
  2 hungry ghosts (D:7)
  Menkaure (D:4)
  Duvessa (D:5)
  2 orc warriors
  A phantom (D:7)
  2 ice beasts
  3 sky beasts
  4 slaves (D:5)
  A centaur (D:7)
  3 ogres
  Blork the orc (D:5)
  3 big kobolds
  4 bullfrogs
  Dowan (D:5)
  A scorpion (D:4)
  2 crimson imps
  A hound (D:8)
  2 jellies
  A bullfrog skeleton (D:8)
  2 orc priests (D:3)
  2 centaur skeletons
  Jessica (D:2)
  Natasha (thrice) (D:4)
  4 iguanas
  10 orc wizards
  Ijyb (D:5)
  9 worker ants
  A hound zombie (D:8)
  A hound skeleton (D:6)
  Robin (D:4)
  17 adders
  4 gnolls
  7 river rats (Sewer)
  A shadow imp (D:7)
  An ooze (D:4)
  An adder skeleton (D:6)
  4 worms
  4 dart slugs
  2 leopard geckos
  29 orcs
  3 ball pythons (Sewer)
  11 giant cockroaches
  10 goblins
  11 hobgoblins
  10 jackals
  22 kobolds
  3 quokkas
  6 bats
  10 frilled lizards
  A quokka skeleton (D:8)
  2 quokka zombies
  27 rats
265 creatures vanquished.

Notes
Turn   | Place    | Note
-------+----------+-------------------------------------------
     0 | D:1      | EnegeticOcto the Deep Dwarf Fighter began the quest for the
                  | Orb.
     0 | D:1      | Reached XP level 1. HP: 20/20 MP: 1/1
   220 | D:1      | Reached XP level 2. HP: 25/27 MP: 2/2
   598 | D:1      | Reached XP level 3. HP: 27/33 MP: 3/3
   714 | D:2      | Reached skill level 3 in Axes
   714 | D:2      | Reached skill level 1 in Dodging
   720 | D:2      | Found a white marble altar of Elyvilon.
   885 | D:2      | Reached XP level 4. HP: 35/42 MP: 3/3
   936 | D:2      | Noticed Jessica
   943 | D:2      | Killed Jessica
  1089 | D:2      | You fall into a shaft and drop 1 floor!
  1118 | D:3      | Reached XP level 5. HP: 39/49 MP: 4/4
  1124 | D:3      | Reached skill level 4 in Axes
  1263 | D:3      | Noticed Grinder
  1267 | D:3      | Paralysed by Grinder for 3 turns
  1308 | D:3      | Paralysed by Grinder for 3 turns
  1313 | D:3      | Killed Grinder
  1313 | D:3      | Reached XP level 6. HP: 47/57 MP: 5/5
  1925 | D:4      | Found a glowing drain.
  1963 | Sewer    | Entered a sewer
  1992 | Sewer    | Reached skill level 5 in Axes
  2163 | Sewer    | Reached XP level 7. HP: 48/63 MP: 6/6
  2761 | D:4      | Noticed Eustachio
  2793 | D:4      | Killed Eustachio
  2793 | D:4      | Reached skill level 6 in Axes
  2793 | D:4      | Reached skill level 5 in Armour
  2793 | D:4      | Reached skill level 5 in Shields
  2876 | D:4      | Found a runed translucent gate.
  2876 | D:4      | Found a runed translucent gate.
  2876 | D:4      | Found a runed translucent gate.
  2945 | D:4      | Noticed Quickbrownfox's ghost (novice CeAM)
  2973 | D:4      | Noticed Robin
  2984 | D:4      | Killed Robin
  3058 | D:4      | Reached XP level 8. HP: 52/73 MP: 6/6
  3258 | D:4      | Noticed Natasha
  3266 | D:4      | Killed Natasha
  3270 | D:4      | Noticed Menkaure
  3276 | D:4      | Killed Menkaure
  3519 | D:4      | Noticed Natasha
  3524 | D:4      | Killed Natasha
  3524 | D:4      | Noticed Natasha
  3529 | D:4      | Killed Natasha
  3533 | D:5      | Entered Level 5 of the Dungeon
  3567 | D:5      | Noticed Pikel
  3602 | D:5      | Killed Pikel
  3602 | D:5      | Reached skill level 5 in Fighting
  3602 | D:5      | Reached skill level 7 in Axes
  3620 | D:5      | Found a stormy altar of Qazlal.
  3620 | D:5      | Found a glowing golden altar of the Shining One.
  3780 | D:5      | Gained mutation: You passively map the area around you.
                  | [Deep Dwarf growth]
  3780 | D:5      | Reached XP level 9. HP: 39/81 MP: 6/6
  3789 | D:5      | Noticed Ijyb
  3803 | D:5      | Killed Ijyb
  3991 | D:5      | Reached skill level 5 in Dodging
  4192 | D:5      | Noticed Duvessa
  4192 | D:5      | Noticed Dowan
  4200 | D:5      | Killed Dowan
  4200 | D:5      | Reached skill level 8 in Axes
  4212 | D:5      | Killed Duvessa
  4368 | D:5      | Noticed Blork the orc
  4382 | D:5      | Killed Blork the orc
  4501 | D:6      | Found a staircase to the Ecumenical Temple.
  4524 | D:6      | Got a fine amber ring
  4533 | D:6      | Identified the ring "Agian" {Ice Int+2 Dex+4} (You found it
                  | on level 6 of the Dungeon)
  4552 | Temple   | Entered the Ecumenical Temple
  5025 | D:6      | Found a shadowy altar of Dithmenos.
  5283 | D:6      | Found a shimmering blue altar of Sif Muna.
  5612 | D:7      | Found an iron altar of Okawaru.
  5647 | D:7      | Reached skill level 9 in Axes
  5739 | D:7      | Found a hide-covered altar of Uskayaw.
  5840 | D:7      | Found a blossoming altar of Fedhas.
  6191 | D:8      | Reached XP level 10. HP: 55/91 MP: 5/5
  6238 | D:8      | Noticed a two-headed ogre
  6255 | D:8      | Killed a two-headed ogre
  6325 | D:8      | Found a sacrificial altar of Ru.
  6337 | D:8      | Paralysed by a hornet for 1 turns
  6425 | D:8      | Reached skill level 10 in Axes
  6949 | D:9      | Found a flagged portal.
  6958 | Bailey   | Entered a bailey
  7009 | Bailey   | Found an iron altar of Okawaru.
  7009 | Bailey   | Noticed an orc high priest
  7026 | Bailey   | Noticed a smoke demon
  7029 | Bailey   | Noticed a rust devil
  7035 | Bailey   | Noticed a rust devil
  7045 | Bailey   | Noticed a soul eater
  7052 | Bailey   | HP: 4/92 [hellwing[an orc high priest] (4)]
  7052 | Bailey   | HP: 1/92 [soul eater[an orc high priest] (3)]
  7064 | Bailey   | Noticed a rust devil
  7069 | Bailey   | HP: 4/92 [rust devil[an orc high priest] (6)]
  7076 | Bailey   | Mangled by a red devil

Levels and vault maps discovered:
D:1:      lemuel_arrival_river_ford, layout_loops_ring
D:2:      layout_loops_ring, elyvilon_altar_5, uniq_jessica
D:3:      layout_basic, first_ration, minmay_misc_feat_plants, uniq_grinder
D:4:      layout_basic, gammafunk_ghost_nasty_kobolds, gup_sewer_entry_glass,
          uniq_menkaure, uniq_natasha, uniq_robin, uniq_eustachio
D:5:      layout_basic, gammafunk_temple_overflow_wave, st_stairs_3, uniq_pikel,
          uniq_ijyb, uniq_blork_the_orc, uniq_duvessa
D:6:      layout_basic, grunt_dithmenos_smoke_and_mirrors, kennysheep_mini,
          temple_statues, lexackson_kobold_supper
D:7:      layout_loops_ring, okawaru_trees_2, old_standard_altar,
          nicolae_overflow_crystal_walls
D:8:      layout_loops_ring, basic_altar
D:9:      minmay_quarter_circles, layout_long_grid, lemuel_doored_altar,
          kennysheep_little_box, overflow_temple_1_default,
          gammafunk_ghost_hive, enter_bailey_2, uniq_prince_ribbit1
Temple:   grunt_temple_mini_profane
Bailey:   bailey_axe_of_yendor_kennysheep, bailey

Skill      XL: |  1  2  3  4  5  6  7  8  9 10 |
---------------+-------------------------------+-----
Fighting       | 3 4 5 6 |  6.5
Axes           | 3 4 5 6 7 9 10 | 10.3
Dodging        | 1 2 3 4 6 |  6.9
Armour         | 4 5 6 7 |  7.8
Shields        | 4 5 6 7 |  7.8

Action                   |  1- 3 |  4- 6 |  7- 9 | 10-12 || total
-------------------------+-------+-------+-------+-------++-------
Melee: War axe           |   120 |   196 |   606 |   192 ||  1114
 Abil: Heal Wounds       |     1 |     4 |    13 |    17 ||    35
  Use: Scroll            |       |     8 |    11 |       ||    19
       Potion            |       |       |       |     1 ||     1
  Eat: Chunk             |       |     5 |    14 |     3 ||    22
       Ration            |       |       |     3 |       ||     3
Armor: Scale mail        |    50 |    63 |   121 |       ||   234
       Chain mail        |       |       |   133 |       ||   133
       Plate armour      |       |       |       |    92 ||    92
Dodge: Dodged            |    33 |    70 |   185 |    58 ||   346
Block: Shield            |    70 |    99 |   353 |   130 ||   652
